 Dungeon Crawl Stone Soup version 0.29.0-4-gdea44cf6ec (webtiles) character file.

Game seed: 11463799173033738942

2850 qw the Cleaver (level 9, -6/75 HPs)
             Began as a Minotaur Berserker on Sept 4, 2022.
             Was a Priest of Trog.
             Mangled by an orange demon (10 damage)
             ... led by Amaemon
             ... on level 8 of the Dungeon.
             The game lasted 00:02:07 (7510 turns).

qw the Cleaver (Minotaur Berserker)                 Turns: 7510, Time: 00:02:08

Health: -6/75      AC: 13    Str: 26    XL:     9   Next: 46%
Magic:  0/8        EV:  6    Int:  4    God:    Trog [***...]
Gold:   355        SH: 10    Dex: 10    Spells: 8/8 levels left

rFire   . . .      SeeInvis .   Y - +0 war axe
rCold   . . .      Faith    .   d - +0 kite shield
rNeg    . . .      Spirit   +   p - +0 plate armour
rPois   .          Reflect  .   f - +2 hat
rElec   .          Harm     .   (no cloak)
rCorr   .          Rampage  .   (no gloves)
Will    .....                   (no boots)
Stlth   ..........              j - amulet of guardian spirit
HPRegen 0.22/turn               (no ring)
MPRegen 0.11/turn               (no ring)

@: lethally poisoned (-6 -> -7), on berserk cooldown, slowed, very slow
A: horns 2, retaliatory headbutt
a: Renounce Religion, Berserk, Trog's Hand


You were on level 8 of the Dungeon.
You worshipped Trog.
Trog was most pleased with you.
You visited 1 branch of the dungeon, and saw 8 of its levels.

You collected 355 gold pieces.


Innate Abilities, Weirdness & Mutations

You have a pair of horns on your head.
You reflexively headbutt those who attack you in melee.


   Skills:
 - Level 6.0 Fighting
 - Level 11.5 Axes
 + Level 4.2 Armour
 - Level 2.1 Dodging
 - Level 9.4 Shields


You had 8 spell levels left.
You didn't know any spells.
Your spell library was empty.

Inventory:

Hand Weapons
 b - a +1 flail of protection
 Y - a +0 war axe (weapon)
Armour
 d - a +0 kite shield (worn)
 f - a +2 hat (worn)
 i - the +3 scale mail of the Tundras {rC+ Int-3 SInv Stlth+}
   (You found it on level 6 of the Dungeon)

   Int:       It affects your intelligence (-3).
   rC:        It protects you from cold.
   SInv:      It lets you see invisible.
   Stlth:     It makes you more stealthy.
 p - a +0 plate armour (worn)
Jewellery
 j - an amulet of guardian spirit (around neck)
Scrolls
 a - a scroll of identify
Potions
 c - a potion of ambrosia {unknown}
 g - a potion of haste
 h - 3 potions of curing
 m - a potion of lignification {unknown}
 q - a potion of might {unknown}

Dungeon Overview and Level Annotations

Branches:
Dungeon (8/15)             Temple (0/1) D:7
   Lair: D:8-11

Altars:
Cheibriados
Qazlal
Trog
Yredelemnul
Zin
The Shining One

Shops:
D:1 *   D:3 *

Annotations:
D:3 1 runed translucent door, Crazy Yiuf


Message History

Things that are here:
a +1 demon whip of venom; a potion of degeneration; the demonspawn corpse of Amaemon
7507 ||| DRINKING potion of heal wounds.
You feel much better.
You feel very sick.
The orange demon stings you but does no damage.
You block the orange demon's attack.
The gnoll hits you from afar with a +0 spear.
The gnoll hits you but does no damage.
You hit the orange demon but do no damage.
You headbutt the orange demon.
The orange demon is lightly wounded.
You hit the gnoll. You slash the gnoll!
You feel sick.
You block the gnoll's attack. x3; The orange demon stings you.
The orange demon barely misses you.
The gnoll hits you but does no damage. x2
The orange demon barely misses you. You furiously retaliate!
You headbutt the orange demon.
The orange demon hits you but does no damage.
The gnoll hits you with a +0 halberd!
You hit the gnoll but do no damage.
The gnoll is severely wounded.
You hit the gnoll but do no damage. You closely miss the orange demon.
You feel sick.
The orange demon no longer looks unusually toxic.
The gnoll hits you with a +0 spear.
The gnoll hits you from afar with a +0 spear.
The gnoll hits you with a +0 halberd! You block the orange demon's attack.
The orange demon hits you but does no damage.
You block the gnoll's attack. The gnoll hits you with a +0 halberd.
The gnoll barely misses you. You block the orange demon's attack.
The orange demon hits you but does no damage.
You hit the gnoll. You headbutt the gnoll.
You kill the gnoll!
Trog accepts your kill.
You slash the gnoll!
You kill the gnoll!
Trog accepts your kill.
You hit the orange demon but do no damage.
You feel sick. The orange demon stings you!
You die...

# #. #.. .# #..
...#
##...####+###.....
#.....4...<.......
#...g.@..........
#....))...#######
#..........#
#...........#
#...........+
##...##....## ####
###+##


You could see an orange demon and a gnoll.

Vanquished Creatures
  Amaemon (D:8)
  Pikel (D:7)
  A steam dragon (D:7)
  Edmund (D:5)
  A water moccasin (D:7)
  2 black bears
  3 ogres
  A centaur (D:7)
  3 lemures (D:7)
  Blork the orc (D:4)
  A bullfrog (D:6)
  A necrophage (D:5)
  2 scorpions
  3 wights (D:7)
  A howler monkey (D:4)
  A jelly (D:7)
  2 gnoll boudas (D:7)
  2 hounds
  Jessica (D:3)
  Ijyb (D:3)
  An iguana (D:6)
  6 adders
  12 gnolls
  A white imp (D:6)
  2 ufetubi
  A worm (D:3)
  3 dart slugs
  9 orcs
  8 bats
  5 endoplasms
  3 giant cockroaches
  7 goblins
  8 hobgoblins
  4 jackals (D:3)
  5 quokkas
  4 ball pythons
  3 frilled lizards
  4 kobolds
  4 rats
120 creatures vanquished.

Vanquished Creatures (others)
  A wizard (D:6)
1 creature vanquished.

Grand Total: 121 creatures vanquished

Notes
Turn   | Place    | Note
-------+----------+-------------------------------------------
     0 | D:1      | qw the Minotaur Berserker began the quest for the Orb.
     0 | D:1      | Reached XP level 1. HP: 19/19 MP: 0/0
     0 | D:1      | 0 ||| qw: Version: 0.1-a-103-gd6f5d3a
     0 | D:1      | 0 ||| qw: Game counter: 5738
     0 | D:1      | 0 ||| qw: Always use a shield: true
     0 | D:1      | 0 ||| qw: Do Orc after D:15 true
     0 | D:1      | 0 ||| qw: Do second Lair branch before Depths: true
     0 | D:1      | 0 ||| qw: Lair rune preference: random
     0 | D:1      | 0 ||| qw: Plans: Normal
     0 | D:1      | 0 ||| PLANNING D:1-11
    95 | D:1      | 95 ||| INVOKING Berserk.
    97 | D:1      | Reached skill level 4 in Axes
   295 | D:1      | Reached XP level 2. HP: 17/26 MP: 1/1
   426 | D:1      | 426 ||| Stepping ~*~*~tactically~*~*~ (hiding).
   689 | D:1      | 689 ||| Stepping ~*~*~tactically~*~*~ (stealth).
   760 | D:1      | Reached skill level 5 in Axes
   793 | D:1      | 793 ||| Stepping ~*~*~tactically~*~*~ (stealth).
   795 | D:1      | 795 ||| Stepping ~*~*~tactically~*~*~ (stealth).
   838 | D:1      | Reached ** piety under Trog
   888 | D:1      | Reached XP level 3. HP: 31/31 MP: 2/2
   889 | D:1      | Found Ymeusity's Assorted Antiques.
   899 | D:1      | 899 ||| SHOPLISTING scroll labelled CIPOITWETA (30 gold,
                  | have 23).
   899 | D:1      | 899 ||| SHOPLISTING scroll labelled ENLAMIHUMP (30 gold,
                  | have 23).
   899 | D:1      | 899 ||| SHOPLISTING scroll labelled XOOQ AKHLIARHIDI (30
                  | gold, have 23).
   899 | D:1      | 899 ||| SHOPLISTING whip (75 gold, have 23).
   899 | D:1      | 899 ||| SHOPLISTING white potion (27 gold, have 23).
  1091 | D:1      | 1091 ||| UPGRADING to +0 scale mail.
  1101 | D:1      | 1101 ||| DROPPING +0 animal skin.
  1102 | D:1      | 1102 ||| READING 4 scrolls labelled XOOQ AKHLIARHIDI.
  1103 | D:1      | 1103 ||| READING scroll labelled COZXEH NAAN.
  1104 | D:1      | 1104 ||| READING scroll labelled KYECEM HIGYIFANG.
  1241 | D:1      | 1241 ||| READING scroll labelled CUOTOG HOEJA.
  1315 | D:2      | 1315 ||| SWAPPING to +0 war axe.
  1316 | D:2      | 1316 ||| DROPPING +0 hand axe.
  1669 | D:2      | 1669 ||| UPGRADING to +0 kite shield.
  1674 | D:2      | 1674 ||| READING scroll labelled DIAWKUHITSE.
  1675 | D:2      | 1675 ||| READING 4 scrolls of identify.
  1675 | D:2      | 1675 ||| IDENTIFYING fizzy ruby potion
  1676 | D:2      | 1676 ||| READING 3 scrolls of identify.
  1676 | D:2      | 1676 ||| IDENTIFYING white potion
  1687 | D:3      | 1687 ||| Stepping ~*~*~tactically~*~*~ (stealth).
  1690 | D:3      | 1690 ||| Stepping ~*~*~tactically~*~*~ (stealth).
  1879 | D:3      | Reached XP level 4. HP: 37/39 MP: 3/3
  1902 | D:3      | Reached skill level 1 in Shields
  1915 | D:3      | Found a faded altar of an unknown god.
  2100 | D:3      | Found Paklo's General Store.
  2105 | D:3      | Noticed Jessica
  2109 | D:3      | Killed Jessica
  2111 | D:3      | 2111 ||| SHOPLISTING ring of protection from cold (325
                  | gold, have 81).
  2111 | D:3      | 2111 ||| SHOPLISTING scroll of acquirement (676 gold, have
                  | 81).
  2281 | D:3      | Noticed Ijyb
  2282 | D:3      | 2282 ||| Stepping ~*~*~tactically~*~*~ (hiding).
  2283 | D:3      | 2283 ||| Stepping ~*~*~tactically~*~*~ (hiding).
  2288 | D:3      | 2288 ||| INVOKING Berserk.
  2296 | D:3      | 2296 ||| DRINKING potion of curing.
  2296 | D:3      | 2296 ||| (to cure confusion)
  2299 | D:3      | Killed Ijyb
  2300 | D:3      | Reached skill level 3 in Shields
  2300 | D:3      | Reached XP level 5. HP: 36/45 MP: 4/4
  2566 | D:3      | Found a runed translucent door.
  2567 | D:3      | Noticed Crazy Yiuf
  2725 | D:3      | 2725 ||| Stepping ~*~*~tactically~*~*~ (hiding).
  2726 | D:3      | 2726 ||| Stepping ~*~*~tactically~*~*~ (hiding).
  2996 | D:3      | 2996 ||| UPGRADING to amulet of guardian spirit.
  3001 | D:3      | 3001 ||| READING scroll labelled OSMENL MUET.
  3002 | D:3      | 3002 ||| READING scroll labelled RET TU YMP.
  3003 | D:3      | 3003 ||| READING scroll labelled IDIOCE IPTERE.
  3057 | D:3      | 3057 ||| READING 2 scrolls of identify.
  3057 | D:3      | 3057 ||| IDENTIFYING bubbling black potion
  3058 | D:3      | 3058 ||| DROPPING potion of degeneration.
  3337 | D:4      | Reached skill level 6 in Axes
  3373 | D:4      | 3373 ||| Stepping ~*~*~tactically~*~*~ (stealth).
  3535 | D:4      | Noticed a black bear
  3539 | D:4      | 3539 ||| INVOKING Berserk.
  3541 | D:4      | Killed a black bear
  3542 | D:4      | Reached XP level 6. HP: 51/51 MP: 5/5
  3688 | D:4      | Noticed Blork the orc
  3691 | D:4      | 3691 ||| INVOKING Berserk.
  3695 | D:4      | Killed Blork the orc
  3830 | D:4      | 3830 ||| DROPPING +0 club.
  4037 | D:4      | Found a basalt altar of Yredelemnul.
  4156 | D:4      | 4156 ||| UPGRADING to +2 hat.
  4161 | D:4      | 4161 ||| READING scroll labelled HATIAR MOMYXAE.
  4187 | D:5      | Entered Level 5 of the Dungeon
  4200 | D:5      | Reached skill level 7 in Axes
  4294 | D:5      | Found a stormy altar of Qazlal.
  4414 | D:5      | Found a glowing silver altar of Zin.
  4463 | D:5      | 4463 ||| INVOKING Berserk.
  4468 | D:5      | Reached XP level 7. HP: 60/60 MP: 4/6
  5100 | D:5      | 5100 ||| UPGRADING to +0 chain mail.
  5110 | D:5      | 5110 ||| DROPPING +0 scale mail.
  5111 | D:5      | 5111 ||| DROPPING +2 hat.
  5112 | D:5      | 5112 ||| UPGRADING to +0 plate armour.
  5122 | D:5      | 5122 ||| DROPPING +0 chain mail.
  5123 | D:5      | 5123 ||| DRINKING 2 fizzy golden potions.
  5124 | D:5      | 5124 ||| DROPPING potion of attraction.
  5132 | D:6      | 5132 ||| STAIRDANCE
  5156 | D:6      | Reached skill level 3 in Armour
  5178 | D:6      | 5178 ||| INVOKING Berserk.
  5182 | D:6      | Reached skill level 8 in Axes
  5203 | D:6      | 5203 ||| FLEEEEING.
  5203 | D:6      | Found a glowing golden altar of the Shining One.
  5204 | D:6      | 5204 ||| FLEEEEING.
  5205 | D:6      | 5205 ||| FLEEEEING.
  5206 | D:6      | 5206 ||| FLEEEEING.
  5207 | D:6      | 5207 ||| FLEEEEING.
  5207 | D:6      | Noticed Edmund
  5208 | D:6      | 5208 ||| STAIRDANCE
  5384 | D:5      | 5384 ||| READING 2 scrolls of identify.
  5384 | D:5      | 5384 ||| IDENTIFYING brown potion
  5387 | D:6      | 5387 ||| STAIRDANCE
  5389 | D:5      | 5389 ||| INVOKING Berserk.
  5392 | D:5      | HP: 10/90 [ogre/+0 giant club (13)]
  5396 | D:5      | Reached skill level 6 in Shields
  5399 | D:5      | HP: 4/90 [Edmund/+1 flail of protection (8)]
  5401 | D:5      | Killed Edmund
  5677 | D:5      | 5677 ||| DROPPING +0 flail.
  5766 | D:6      | Reached skill level 9 in Axes
  5766 | D:6      | Reached XP level 8. HP: 63/67 MP: 7/7
  5790 | D:6      | Identified the +3 scale mail of the Tundras {rC+ Int-3 SInv
                  | Stlth+}
  5822 | D:6      | 5822 ||| Stepping ~*~*~tactically~*~*~ (stealth).
  5840 | D:6      | 5840 ||| Stepping ~*~*~tactically~*~*~ (stealth).
  5863 | D:6      | Found a snail-covered altar of Cheibriados.
  5893 | D:6      | Found a bloodstained altar of Trog.
  5894 | D:6      | Noticed a wizard
  5901 | D:6      | Killed a wizard
  6184 | D:6      | 6184 ||| READING scroll labelled ODANIA BEMNIGA.
  6285 | D:6      | 6285 ||| READING 3 scrolls labelled VITRURPHYGA.
  6286 | D:6      | 6286 ||| READING scroll labelled ASUNTO UREVI.
  6287 | D:6      | 6287 ||| DRINKING 2 emerald potions.
  6391 | D:6      | 6391 ||| READING 2 scrolls of identify.
  6391 | D:6      | 6391 ||| IDENTIFYING ruby potion
  6392 | D:6      | 6392 ||| DROPPING 2 scrolls of poison.
  6393 | D:6      | 6393 ||| DROPPING potion of invisibility.
  6394 | D:6      | 6394 ||| DROPPING potion of berserk rage.
  6423 | D:7      | 6423 ||| INVOKING Berserk.
  6424 | D:7      | 6424 ||| INVOKING Berserk.
  6438 | D:7      | Reached *** piety under Trog
  6461 | D:7      | 6461 ||| FLEEEEING.
  6462 | D:7      | 6462 ||| FLEEEEING.
  6463 | D:7      | 6463 ||| STAIRDANCE
  6701 | D:7      | Reached skill level 10 in Axes
  6747 | D:7      | Found a staircase to the Ecumenical Temple.
  6750 | D:7      | 6750 ||| Stepping ~*~*~tactically~*~*~ (hiding).
  6752 | D:7      | 6752 ||| Stepping ~*~*~tactically~*~*~ (hiding).
  6753 | D:7      | 6753 ||| Stepping ~*~*~tactically~*~*~ (hiding).
  6755 | D:7      | 6755 ||| Stepping ~*~*~tactically~*~*~ (hiding).
  6838 | D:7      | 6838 ||| INVOKING Berserk.
  6969 | D:7      | 6969 ||| INVOKING Berserk.
  6975 | D:7      | Reached skill level 6 in Fighting
  7109 | D:7      | 7109 ||| INVOKING Berserk.
  7367 | D:7      | 7367 ||| Stepping ~*~*~tactically~*~*~ (stealth).
  7368 | D:7      | 7368 ||| Stepping ~*~*~tactically~*~*~ (stealth).
  7369 | D:7      | Noticed Pikel
  7370 | D:7      | 7370 ||| Stepping ~*~*~tactically~*~*~ (hiding).
  7375 | D:7      | 7375 ||| INVOKING Berserk.
  7384 | D:7      | Killed Pikel
  7385 | D:7      | Reached skill level 11 in Axes
  7385 | D:7      | Reached XP level 9. HP: 75/75 MP: 6/8
  7490 | D:8      | Noticed Amaemon
  7491 | D:8      | Noticed an orange demon
  7493 | D:8      | 7493 ||| INVOKING Berserk.
  7505 | D:8      | Killed Amaemon
  7505 | D:8      | HP: 27/112 [poisoned by Amaemon]
  7506 | D:8      | Reached skill level 9 in Shields
  7506 | D:8      | HP: 13/75 [gnoll/+0 spear (3)]
  7507 | D:8      | 7507 ||| DRINKING potion of heal wounds.
  7509 | D:8      | HP: 5/75 [gnoll/+0 halberd (2)]
  7510 | D:8      | Mangled by an orange demon

Levels and vault maps discovered:
D:1:      dpeg_arrival_simpleton_b, layout_rooms, serial_shops,
          nicolae_square_shop, hangedman_decor_slide_cut, minmay_split_cup_small
D:2:      layout_rooms
D:3:      layout_basic, serial_shops, nicolae_shop_stone,
          hellmonk_ecumenical_altar_dog_temple, uniq_jessica, uniq_ijyb,
          uniq_crazy_yiuf_cottage
D:4:      layout_loops_ring, lemuel_coloured_pillars_altar, uniq_blork_the_orc
D:5:      layout_loops_corners, mainiacjoe_overflow_catwalk_spiral
D:6:      layout_rooms, trog_wizard, mainiacjoe_overflow_concentric_impassable,
          lemuel_round_altar, uniq_edmund
D:7:      layout_cave_pools, temple_statues, sigmund_army, uniq_pikel
D:8:      nzn_winding_woodlands_small [nzn_winding_woodlands_5x15_split_checker,
          nzn_winding_woodlands_center_garden,
          nzn_winding_woodlands_5x15_concentric], layout_gridville, uniq_amaemon

Skill      XL: |  1  2  3  4  5  6  7  8  9 |
---------------+----------------------------+-----
Axes           | 4 5 6 7 9 11 | 11.5
Shields        | 3 5 6 7 9 |  9.4
Fighting       | 4 6 |  6.0
Armour         | 3 4 |  4.2
Dodging        | |  2.1

Action                   |  1- 3 |  4- 6 |  7- 9 || total
-------------------------+-------+-------+-------++-------
Melee: Hand axe          |    65 |       |       ||    65
       Headbutt          |     7 |     5 |    21 ||    33
       War axe           |    27 |    80 |   136 ||   243
       Unarmed           |       |       |     6 ||     6
Invok: Berserk           |     1 |     4 |     8 ||    13
  Use: Scroll            |     7 |     5 |     5 ||    17
       Potion            |       |     1 |     3 ||     4
Armor: Animal skin       |    18 |       |       ||    18
       Scale mail        |     4 |    34 |       ||    38
       Plate armour      |       |       |    75 ||    75
Dodge: Dodged            |    65 |    14 |    44 ||   123
Block: Kite shield       |     5 |    31 |    90 ||   126

Table legend:
 A = Non-vault XP
 B = Vault XP
 C = Vault XP percentage of total XP
 D = Non-vault monster count
 E = Vault monster count
 F = Vault count percentage of total count
                 A         B        C        D         E       F
            +---------+---------+-------+---------+---------+-------
      Total |    2302 |    1798 |  43.9 |     102 |      15 |  12.8
            +---------+---------+-------+---------+---------+-------
        D:1 |      41 |       4 |   8.9 |      23 |       3 |  11.5
        D:2 |      42 |       0 |   0.0 |      10 |       0 |   0.0
        D:3 |      46 |      77 |  62.6 |      16 |       4 |  20.0
        D:4 |     252 |      99 |  28.2 |      10 |       1 |   9.1
        D:5 |     398 |     164 |  29.2 |      12 |       1 |   7.7
        D:6 |     383 |       0 |   0.0 |       8 |       0 |   0.0
        D:7 |    1112 |     693 |  38.4 |      21 |       5 |  19.2
        D:8 |      28 |     761 |  96.5 |       2 |       1 |  33.3
            +---------+---------+-------+---------+---------+-------
